 Dungeon Crawl Stone Soup version 0.16-a0-1858-gba9b1e2 (webtiles) character file.

70 RobertPalmer the Insei (level 4, -3/32 HPs)
             Began as a Demonspawn Transmuter on Nov 4, 2014.
             Slain by a goblin (4 damage)
             ... on level 2 of the Dungeon.
             The game lasted 00:02:59 (1830 turns).

RobertPalmer the Insei (Demonspawn Transmuter)      Turns: 1830, Time: 00:02:59

Health: -3/32      AC:  4    Str: 10    XL:     4   Next: 3%
Magic:  7/7        EV: 12    Int: 15    God:
Gold:   39         SH:  0    Dex: 14    Spells: 1 memorised, 6 levels left

rFire  . . .     SeeInvis .       - Unarmed
rCold  . . .     Clarity  .     c - +0 robe
rNeg   . . .     SustAb   .     (no shield)
rPois  .         Gourm    .     (no helmet)
rElec  .         Spirit   .     (no cloak)
rCorr  .         Warding  .     (no gloves)
rMut   .         Stasis   .     (no boots)
MR     .....                    (no amulet)
Stlth  +.........               (no ring)
                                (no ring)

@: not resistant to hostile enchantments, very unstealthy
A: thin metallic scales 1, demonic guardian 1
a: no special abilities


You were on level 2 of the Dungeon.
You were not hungry.

You visited 1 branch of the dungeon, and saw 2 of its levels.

You collected 39 gold pieces.


Innate Abilities, Weirdness & Mutations

You are partially covered in thin metallic scales (AC +2).
A weak demonic guardian rushes to your aid.


   Skills:
 - Level 1.0 Fighting
 - Level 1.7 Dodging
 + Level 4.4 Unarmed Combat
 - Level 2.0 Spellcasting
 - Level 1.7 Transmutations


You had 6 spell levels left.
You knew the following spells:

 Your Spells              Type           Power        Failure   Level  Hunger
z - Beastly Appendage     Trmt           #.....       12%         1    #......

Inventory:

Missiles
 b - 27 arrows
Armour
 c - a +0 robe (worn)
Jewellery
 h - an uncursed amulet of resist mutation {unknown}
Scrolls
 e - a scroll of enchant weapon {unknown}
 g - a scroll of identify {unknown}
 j - 2 scrolls of remove curse {unknown}
 l - a scroll of magic mapping {unknown}
Potions
 i - a potion of might {unknown}
 k - a potion of haste {unknown}
Books
 d - a book of Changes
Comestibles
 a - 2 bread rations
 f - a beef jerky
 m - a meat ration
 n - a chunk of flesh {@w1}

Dungeon Overview and Level Annotations

Branches:
Dungeon (2/15)

Altars:
Trog

Annotations:
D:2 Terence

... ...... ..... .... . .>? .#
.?# .# #.#
#########'#########'######.#
#.............@r@g.........#
.'.............gg.#ยง......###
#........................#
#..........................
#...........<...)......#
#...g.....##.#......... .
####.)r...#............... .
#..r.###........#.#+##### .
#....###..###..####.#


You could see Terence, a hobgoblin, 2 goblins and a rat.


Message History

The goblin hits you but does no damage.
You see here a short sword.
Terence hits you with a glowing hand axe.
* * * LOW HITPOINT WARNING * * *
x2 Your ufetubus hits the goblin.
Drink which item? (? for menu, Esc to quit)
Okay, then.
Found a scroll labeled KAOHIE PAUHUE.
Found a scroll labeled CRESCH DUZUPPE.
Found a stone staircase leading down.
Your ufetubus hits Terence.
A hobgoblin comes into view. It is wielding a club.
Drink which item? (? for menu, Esc to quit)
You feel better.
It was a potion of curing.
Your ufetubus hits Terence. Terence screams, "I want your blood!"
Terence hits you with a glowing hand axe.
* * * LOW HITPOINT WARNING * * *
x2 Read which item? (? for menu, Esc to quit)
Okay, then.
Your ufetubus hits Terence.
Terence hits you with a glowing hand axe!
* * * LOW HITPOINT WARNING * * *
x2 Terence hits your ufetubus with a glowing hand axe.
The hobgoblin closely misses you. The rat closely misses you.
The rat bites you but does no damage. The rat bites you but does no damage.
The goblin misses you. The goblin hits you with a club.
* * * LOW HITPOINT WARNING * * *
The goblin hits you.
You die...

Action                   |  1- 3 |  4- 6 || total
-------------------------+-------+-------++-------
Melee: Unarmed           |   151 |    13 ||   164
 Cast: Beastly Appendage |     3 |     2 ||     5
  Use: Potion            |       |     1 ||     1
 Stab: Sleeping          |     1 |       ||     1
  Eat: Chunk             |     2 |     1 ||     3

Vault maps used:
D:1:      minmay_arrival_semitransparent
D:2:      nicolae_overflow_crystal_walls, first_bread, uniq_terence,
          uniq_crazy_yiuf_cottage, uniq_iyjb

Notes
Turn   | Place    | Note
--------------------------------------------------------------
     0 | D:1      | RobertPalmer, the Demonspawn Transmuter, began the quest for the Orb.
     0 | D:1      | Reached XP level 1. HP: 15/15 MP: 3/3
    77 | D:1      | Reached skill level 3 in Unarmed Combat
   152 | D:1      | Gained mutation: You are partially covered in thin metallic scales (AC +2). [demonic ancestry]
   152 | D:1      | Reached XP level 2. HP: 14/21 MP: 4/4
  1259 | D:2      | Noticed Ijyb
  1468 | D:2      | Gained mutation: A weak demonic guardian rushes to your aid. [demonic ancestry]
  1468 | D:2      | Reached XP level 3. HP: 22/26 MP: 6/6
  1519 | D:2      | Killed Ijyb
  1519 | D:2      | Reached skill level 4 in Unarmed Combat
  1643 | D:2      | Found a bloodstained altar of Trog.
  1654 | D:2      | Reached XP level 4. HP: 27/32 MP: 7/7
  1781 | D:2      | Noticed Terence
  1810 | D:2      | HP: 2/32 [Terence/glowing hand axe (2)]
  1826 | D:2      | HP: 3/32 [Terence/glowing hand axe (8)]
  1829 | D:2      | HP: 1/32 [goblin/club (1)]
  1830 | D:2      | Slain by a goblin

Vanquished Creatures
  Ijyb (D:2)
  2 adders (D:2)
  2 giant geckos (D:1)
  2 ball pythons
  6 hobgoblins (D:1)
  2 bats (D:1)
  3 giant cockroaches
  A giant newt (D:1)
  4 goblins
  6 kobolds
  A quokka (D:2)
  2 rats (D:1)
32 creatures vanquished.
